 Dungeon Crawl Stone Soup version 0.30.1-4-g462c640d31 (webtiles) character file.

Game seed: 13149610394207127567

519 Wiggles the Chopper (level 7, -8/62 HPs)
             Began as a Minotaur Berserker on Sept 6, 2023.
             Was a Believer of Trog.
             Mangled by Menkaure (20 damage)
             ... on level 5 of the Dungeon.
             The game lasted 00:04:51 (3136 turns).

Wiggles the Chopper (Minotaur Berserker)            Turns: 3136, Time: 00:04:52

Health: -8/62      AC:  7    Str: 23    XL:     7   Next: 1%
Magic:  6/6        EV: 11    Int:  4    God:    Trog [**....]
Gold:   154        SH:  0    Dex: 10    Spells: 6/6 levels left

rFire   . . .        r - +0 broad axe
rCold   . . .        (no shield)
rNeg    . . .        l - +0 scale mail
rPois   .            (helmet restricted)
rElec   .            u - scarf {+Inv}
rCorr   .            (no gloves)
SInv    .            (no boots)
Will    .....        (no amulet) Stlth
                     (no ring)
HPRegen 0.30/turn    (no ring)
MPRegen 0.10/turn

%: no passive effects
@: no status effects
A: horns 2, retaliatory headbutt
a: Renounce Religion, Evoke Invisibility, Berserk, Trog's Hand


You were on level 5 of the Dungeon.
You worshipped Trog.
Trog was pleased with you.
You visited 1 branch of the dungeon, and saw 5 of its levels.

You collected 154 gold pieces.

Inventory:

Hand Weapons
 r - a +0 broad axe (weapon)
Armour
 l - a +0 scale mail (worn)
 u - a scarf of invisibility (worn)
Scrolls
 b - 2 scrolls of enchant weapon {unknown}
 f - 5 scrolls of identify {unknown}
 h - a scroll of acquirement {unknown}
 i - a scroll of enchant armour {unknown}
 k - a scroll of silence {unknown}
 m - 3 scrolls of teleportation {unknown}
 n - a scroll of fog {unknown}
 o - a scroll of summoning {unknown}
 s - 2 scrolls of poison {unknown}
 t - a scroll of torment {unknown}
Potions
 a - a potion of invisibility {unknown}
 c - 4 potions of curing {unknown}
 d - 2 potions of resistance {unknown}
 e - 4 potions of heal wounds {unknown}
 g - a potion of degeneration {unknown}
 j - a potion of flight {unknown}
 p - 2 potions of brilliance {unknown}
 q - 2 potions of magic {unknown}


   Skills:
 + Level 5.8 Fighting
 + Level 6.8 Axes
 + Level 4.8 Armour
 + Level 3.1 Dodging
 + Level 0.2 Stealth


You had 6 spell levels left.
You didn't know any spells.
Your spell library was empty.

Dungeon Overview and Level Annotations

Branches:
Dungeon (5/15)             Temple (0/1) D:4

Altars:
Makhleb
Nemelex Xobeh
Uskayaw
Xom

Shops:
D:1 ?

Annotations:
D:5 Menkaure


Innate Abilities, Weirdness & Mutations

You have a pair of horns on your head.
You reflexively headbutt those who attack you in melee.


Message History

The ufetubus closely misses you. The ufetubus hits you.
The ufetubus barely misses you. The ufetubus hits you.
You hit the ufetubus.
The ufetubus is heavily wounded.
The ufetubus barely misses you.
The ufetubus hits you but does no damage.
Menkaure, Prince of Dust comes into view.
The ufetubus hits you but does no damage.
The ufetubus closely misses you.
You barely miss the ufetubus. Your headbutt misses the ufetubus.
The ufetubus is moderately wounded.
The ufetubus barely misses you. The ufetubus closely misses you.
Menkaure says, "Why can't you leave me to my rest?"
The ufetubus hits you but does no damage.
The ufetubus closely misses you.
You closely miss the ufetubus.
The ufetubus is moderately wounded.
The ufetubus hits you but does no damage. x2
Menkaure calls on the powers of darkness!
Your body is wracked with pain!
You are too injured to fight recklessly!
You are too injured to fight recklessly!
You slash the ufetubus!
You kill the ufetubus!
Trog accepts your kill.
Menkaure casts a spell.
Menkaure seems to speed up.
You barely miss Menkaure. You headbutt Menkaure.
Menkaure is lightly damaged.
Menkaure barely misses you. Menkaure hits you!
You hit Menkaure.
Menkaure is lightly damaged.
Menkaure hits you but does no damage.
You slice Menkaure!!
Menkaure is almost destroyed.
Menkaure calls on the powers of darkness!
Your body is wracked with pain!
* * * LOW HITPOINT WARNING * * *
Menkaure hits you!!
You die...

#..#...# #......####
#<.......# #
#.#.####.# #.#.#.#
#.# #.#.#.# #.#
####.#.#.####.#
..............#####.#
.........####...@M..#
####.#.### #.#######
####.#.## #.#
........#####.#
..............#
#.###...#######
.......## #.######


You could see Menkaure (fast).

Vanquished Creatures
  Sigmund (D:3)
  A water moccasin (D:5)
  A scorpion (D:3)
  An orc priest (D:3)
  A sleepcap (D:5)
  Terence (D:3)
  5 adders (D:2)
  An ufetubus (D:5)
  2 dart slugs (D:2)
  7 orcs
  8 ball pythons
  2 bats (D:1)
  8 endoplasms
  2 giant cockroaches (D:2)
  7 goblins
  5 hobgoblins
  2 jackals (D:3)
  4 kobolds
  A quokka (D:3)
  A frilled lizard (D:3)
  8 rats
69 creatures vanquished.

Notes
Turn   | Place    | Note
-------+----------+-------------------------------------------
     0 | D:1      | Wiggles the Minotaur Berserker began the quest for the Orb.
     0 | D:1      | Reached XP level 1. HP: 19/19 MP: 0/0
   441 | D:1      | Found Camasiz's Magic Scroll Shoppe.
   499 | D:1      | Reached XP level 2. HP: 27/27 MP: 1/1
   621 | D:1      | Reached skill level 4 in Axes
  1079 | D:2      | Reached XP level 3. HP: 31/33 MP: 2/2
  1251 | D:2      | Reached XP level 4. HP: 35/41 MP: 3/3
  1329 | D:2      | Identified the staff of air "Kiolerir" {rElec rF+ Int+4}
  1338 | D:2      | Reached ** piety under Trog
  1523 | D:3      | Reached skill level 5 in Axes
  1772 | D:3      | Noticed Sigmund
  1779 | D:3      | Killed Sigmund
  1780 | D:3      | Reached skill level 5 in Fighting
  1780 | D:3      | Reached XP level 5. HP: 48/48 MP: 4/4
  1864 | D:3      | Reached skill level 6 in Axes
  1864 | D:3      | Reached XP level 6. HP: 22/56 MP: 5/5
  2068 | D:3      | Found a faded altar of an unknown god.
  2095 | D:3      | Noticed Terence
  2102 | D:3      | Killed Terence
  2192 | D:3      | Found a burning altar of Makhleb.
  2525 | D:4      | Found a staircase to the Ecumenical Temple.
  2624 | D:4      | Found a shimmering altar of Xom.
  2688 | D:4      | Found a hide-covered altar of Uskayaw.
  2794 | D:4      | Found a sparkling altar of Nemelex Xobeh.
  3033 | D:5      | Entered Level 5 of the Dungeon
  3056 | D:5      | Noticed a water moccasin
  3064 | D:5      | Killed a water moccasin
  3065 | D:5      | Reached XP level 7. HP: 62/62 MP: 6/6
  3129 | D:5      | Noticed Menkaure
  3136 | D:5      | Mangled by Menkaure

Illustrated notes

Levels and vault maps discovered:
D:1:      scummos_arrival_simple_crosswalls, layout_basic, serial_shops,
          nicolae_shop_hallway_plus, chequers_serial_rivers_micro_e
D:2:      layout_rooms, minmay_tetromino_o2
D:3:      layout_loops_ring, bloody_makhleb,
          shapermc_ecumenical_altar_notcrosses, uniq_sigmund, uniq_terence
D:4:      layout_basic, kennysheep_mini, overflow_temple_1_default,
          nemelex_dance_club_becter, minmay_temple_entry_drinking_statues,
          hangedman_abyss_or_decor_lesser_grid
D:5:      layout_loops_ring, uniq_menkaure, uniq_grinder,
          uniq_crazy_yiuf_cottage

Skill      XL: |  1  2  3  4  5  6 |
---------------+-------------------+-----
Fighting       | 4 5 |  5.8
Axes           | 4 5 6 |  6.8
Armour         | 3 4 |  4.8
Dodging        | 3 |  3.1
Stealth        | |  0.2

Action                     |  1- 3 |  4- 6 |  7- 9 || total
---------------------------+-------+-------+-------++-------
  Melee: Hand axe          |    66 |    42 |       ||   108
         Headbutt          |     4 |    13 |     1 ||    18
         Broad axe         |       |    46 |     7 ||    53
 Invoke: Berserk           |     1 |     2 |       ||     3
 Armour: Leather armour    |     7 |       |       ||     7
         Animal skin       |     2 |       |       ||     2
         Scale mail        |    10 |    32 |     6 ||    48
  Dodge: Dodged            |    31 |    40 |     8 ||    79
